 Dungeon Crawl Stone Soup version 0.23.2 (webtiles) character file.

Game seed: 7918499165368094041

2889 Borgoz the Cutter (level 9, -1/74 HPs)
             Began as a Ghoul Gladiator on Apr 4, 2019.
             Was a Follower of Ashenzari.
             Slain by a hippogriff (8 damage)
             ... on level 8 of the Dungeon.
             The game lasted 00:11:45 (7415 turns).

Borgoz the Cutter (Ghoul Gladiator)                 Turns: 7415, Time: 00:11:45

Health: -1/74      AC:  8    Str: 18    XL:     9   Next: 77%
Magic:  8/8        EV: 14    Int:  5    God:    Ashenzari [*.....]
Gold:   395        SH:  0    Dex: 11    Spells: 8/8 levels left

rFire    + . .     SeeInvis .   b - +0 short sword (drain)
rCold    + . .     Gourm    .   (no shield)
rNeg     + + +     Faith    .   s - +3 leather armour {rF+}
rPois    ∞         Spirit   .   e - +2 hat
rElec    .         Reflect  .   A - scarf {repulsion}
rCorr    .         Harm     .   (no gloves)
MR       .....                  (no boots)
Stlth    +++.......             c - amulet of magic regeneration
HPRegen  0.00/turn              (no ring)
MPRegen  0.36/turn              (no ring)

@: rotting, repel missiles
A: rotting body, claws 1, carnivore, cold resistance 1, negative energy
resistance 3, inhibited regeneration, torment resistance, unbreathing
a: Curse Item, Scrying, Renounce Religion


You were on level 8 of the Dungeon.
You worshipped Ashenzari.
Ashenzari was aware of your devotion.
You were not hungry.

You visited 2 branches of the dungeon, and saw 9 of its levels.

You collected 395 gold pieces.

Inventory:

Hand Weapons
 a - a +1 short sword of freezing
 b - a +0 short sword of draining (weapon)
 l - the +10 dark maul {crush}
   (You found it on level 4 of the Dungeon)

   It inflicts extra damage upon your enemies.
 m - a +0 rapier
 n - a +0 dagger of freezing
 M - a +4 dagger
Missiles
 g - 5 tomahawks (quivered)
 h - 5 silver javelins
Armour
 e - a +2 hat (worn)
 s - a +3 leather armour of fire resistance (worn)
 A - a scarf of repulsion (worn)
Jewellery
 c - an amulet of magic regeneration (around neck)
Wands
 r - a wand of digging (3)
 w - a wand of flame (14)
 x - a wand of random effects (17)
 F - a wand of scattershot (4)
 K - a wand of polymorph (9)
Scrolls
 k - 2 scrolls of fog
 q - a scroll of amnesia
 u - 2 scrolls of remove curse
 v - 2 scrolls of blinking
 y - 3 scrolls of noise
 C - a scroll of enchant weapon {unknown}
 D - 4 scrolls of teleportation
 H - a scroll of enchant armour
 I - a scroll of fear {unknown}
 J - 4 scrolls of identify
Potions
 d - 2 potions of invisibility
 i - 4 potions of curing
 j - a potion of cancellation
 o - 2 potions of haste
 p - 3 potions of degeneration {unknown}
 z - a potion of might
 B - a potion of flight {unknown}
 E - a potion of magic {unknown}
 G - a potion of mutation {unknown}
Comestibles
 f - 14 rations


   Skills:
 + Level 5.5 Fighting
 * Level 6.6 Short Blades
 - Level 1.7 Throwing
 * Level 5.9 Armour
 * Level 6.6 Dodging
 + Level 5.2 Stealth


You had 8 spell levels left.
You didn't know any spells.
Your spell library was empty.

Dungeon Overview and Level Annotations

Branches:
Dungeon (8/15)             Temple (1/1) D:4
   Lair: D:8-11

Altars:
Ashenzari
Cheibriados
Dithmenos
Elyvilon
Fedhas
Gozag
Hepliaklqana
Kikubaaqudgha
Makhleb
Nemelex Xobeh
Okawaru
Qazlal
Ru
Sif Muna
Trog
Uskayaw
Vehumet
Wu Jian
Xom
Yredelemnul
Zin
The Shining One

Shops:
D:5 %


Innate Abilities, Weirdness & Mutations

Your body is rotting away.
You thrive on raw meat.
You are immune to poison.
You have sharp fingernails.
You are carnivorous and can eat meat at any time.
Your flesh is cold resistant. (rC+)
You are immune to negative energy. (rN+++)
You do not regenerate when monsters are visible.
You are immune to unholy pain and torment.
You can survive without breathing.


Message History

The hippogriff closely misses you. The hippogriff claws you.
You barely miss the hippogriff.
The hippogriff is moderately wounded.
The hippogriff bites you but does no damage.
The hippogriff pecks you.
* * * LOW HITPOINT WARNING * * *
The hippogriff claws you.
* * * LOW HITPOINT WARNING * * *
Evoke which item? (* to show all) (? for menu, Esc to quit)
Aiming: Scattershot
Press: ? - help, Shift-Dir - straight line, f - hippogriff
Aim: a hippogriff (moderately wounded, lightly drained)
The burst of metal fragments hits the hippogriff. x4
The hippogriff is severely wounded.
The hippogriff bites you!
* * * LOW HITPOINT WARNING * * *
The hippogriff misses you. The hippogriff claws you.
* * * LOW HITPOINT WARNING * * *
You feel better. The hippogriff bites you!
You die...

### ... ##.#
##...######
#...oH@...#
#....####.#
....#.# #.#
### #< #.# #
###.### ..
#.....#
..##.....###
#..........#
####...<.#.#


You could see a hippogriff and an orc.

Vanquished Creatures
  A two-headed ogre (D:8)
  Grinder (D:6)
  A hippogriff (D:7)
  Sigmund (D:2)
  Edmund (D:6)
  Duvessa (D:4)
  An orc warrior (D:8)
  An ice beast (D:2)
  A black bear (D:8)
  An ogre (D:4)
  A centaur (D:5)
  A big kobold (D:8)
  A gnoll sergeant (D:6)
  Dowan (D:4)
  A howler monkey (D:4)
  3 crimson imps
  2 hounds
  2 orc priests
  2 iguanas
  Ijyb (D:3)
  5 worker ants
  A hound zombie (D:5)
  A hound skeleton (D:5)
  A howler monkey zombie (D:6)
  10 gnolls
  A howler monkey skeleton (D:6)
  6 adders
  2 shadow imps
  An ooze (D:4)
  An adder zombie (D:4)
  3 adder skeletons
  4 worms
  5 dart slugs
  5 leopard geckos
  29 orcs
  5 ball pythons
  5 giant cockroaches
  10 goblins
  13 hobgoblins
  18 jackals
  5 quokkas
  7 bats
  7 frilled lizards
  16 kobolds
  A quokka skeleton (D:4)
  10 rats
197 creatures vanquished.

Notes
Turn   | Place    | Note
-------+----------+-------------------------------------------
     0 | D:1      | Borgoz the Ghoul Gladiator began the quest for the Orb.
     0 | D:1      | Reached XP level 1. HP: 17/17 MP: 0/0
    55 | D:1      | Reached XP level 2. HP: 22/24 MP: 1/1
   138 | D:1      | Reached skill level 1 in Armour
   286 | D:1      | Reached XP level 3. HP: 30/30 MP: 2/2
   728 | D:2      | Noticed Sigmund
   745 | D:2      | Killed Sigmund
   745 | D:2      | Reached skill level 1 in Stealth
   745 | D:2      | Reached XP level 4. HP: 11/37 MP: 3/3
   745 | D:2      | Reached XP level 5. HP: 14/44 MP: 4/4
  1253 | D:2      | Reached XP level 6. HP: 36/51 MP: 5/5
  1308 | D:2      | Noticed an ice beast
  1328 | D:2      | Killed an ice beast
  1985 | D:3      | Found a faded altar of an unknown god.
  2164 | D:3      | Noticed Ijyb
  2186 | D:3      | Killed Ijyb
  2943 | D:4      | Reached XP level 7. HP: 46/57 MP: 6/6
  2991 | D:4      | Noticed Duvessa
  3012 | D:4      | Killed Duvessa
  3012 | D:4      | Noticed Dowan
  3028 | D:4      | Killed Dowan
  3543 | D:4      | Found the +10 dark maul {crush}
  3848 | D:4      | Reached XP level 8. HP: 65/66 MP: 7/7
  3862 | D:4      | Found a shattered altar of Ashenzari.
  3922 | D:4      | Became a worshipper of Ashenzari the Shackled
  3947 | D:4      | Found a staircase to the Ecumenical Temple.
  3959 | Temple   | Entered the Ecumenical Temple
  4558 | D:5      | Entered Level 5 of the Dungeon
  4701 | D:5      | Found an ornate altar of the Wu Jian Council.
  4708 | D:5      | Reached skill level 5 in Dodging
  4761 | D:5      | Reached skill level 5 in Short Blades
  4981 | D:5      | Found Boam's Food Shop.
  5290 | D:6      | Noticed Edmund
  5293 | D:6      | Killed Edmund
  5534 | D:6      | Found an ancient bone altar of Kikubaaqudgha.
  5592 | D:6      | Noticed Grinder
  5593 | D:6      | Paralysed by Grinder for 6 turns
  5599 | D:6      | Killed Grinder
  5701 | D:7      | Found an ancient bone altar of Kikubaaqudgha.
  6004 | D:7      | Reached XP level 9. HP: 72/72 MP: 8/8
  6125 | D:6      | Reached skill level 5 in Armour
  6246 | D:7      | Reached * piety under Ashenzari
  6697 | D:8      | Reached skill level 5 in Fighting
  7122 | D:8      | Noticed a two-headed ogre
  7138 | D:8      | Killed a two-headed ogre
  7138 | D:8      | Reached skill level 5 in Stealth
  7414 | D:8      | HP: 2/73 [hippogriff (6)]
  7415 | D:8      | Slain by a hippogriff

Skill      XL: |  1  2  3  4  5  6  7  8  9 |
---------------+----------------------------+-----
Armour         | 1 2 3 4 5 |  5.9
Short Blades   | 3 4 5 6 |  6.6
Dodging        | 3 4 5 6 |  6.6
Stealth        | 1 2 3 4 5 |  5.2
Fighting       | 3 4 5 |  5.5
Throwing       | |  1.7

Action                   |  1- 3 |  4- 6 |  7- 9 || total
-------------------------+-------+-------+-------++-------
Melee: Rapier            |    95 |    76 |       ||   171
       Short sword       |       |   112 |   302 ||   414
       Maul              |       |       |   116 ||   116
Throw: Throwing net      |     3 |     2 |     2 ||     7
Evoke: Wand              |       |       |     2 ||     2
  Use: Scroll            |     1 |     5 |     5 ||    11
       Potion            |       |     2 |     2 ||     4
 Stab: Sleeping          |     2 |     1 |    16 ||    19
       Held in net/web   |       |       |     1 ||     1
  Eat: Chunk             |     4 |     3 |    18 ||    25
Armor: Leather armour    |    27 |    36 |   213 ||   276
Dodge: Dodged            |    66 |    92 |   393 ||   551
       Deflected         |       |       |     7 ||     7
